 Dungeon Crawl Stone Soup version 0.16.0-18-g484a79e (webtiles) character file.

10885 McCoppin the Fighter (level 11, 0/83 HPs)
             Began as an Octopode Assassin on Mar 23, 2015.
             Succumbed to a water moccasin's poison
             ... on level 9 of the Dungeon.
             The game lasted 01:04:38 (13906 turns).

McCoppin the Fighter (Octopode Assassin)           Turns: 13906, Time: 01:04:38

Health: 0/83       AC:  3    Str: 15    XL:     11   Next: 69%
Magic:  22/22      EV: 12    Int: 14    God:
Gold:   582        SH:  0    Dex: 16    Spells: 0 memorised, 10 levels left

rFire  . . .     SeeInvis .     n - +1 falchion (venom)
rCold  . . .     Clarity  .     (no shield)
rNeg   . . .     SustAb   .     k - +2 hat
rPois  .         Gourm    .     J - amulet of rage
rElec  +         Spirit   .     l - ring of protection from magic
rCorr  .         Warding  .     y - ring of flight
rMut   .         Stasis   .     N - ring of wizardry
MR     +....                    (no ring)
Stlth  ++++++....               (no ring)
                                (no ring)
                                (no ring)
                                (no ring)

@: lethally poisoned (0 -> -7), exhausted, very slightly contaminated, hasted
and slowed, somewhat resistant to hostile enchantments, very stealthy
A: almost no armour, amphibious, 8 rings, constrict 8, camouflage 1, blurry
vision 1, electricity resistance, strong 2, gelatinous body 1, evolution 1
a: Evoke Berserk Rage, Evoke Flight


You were on level 9 of the Dungeon.
You were not hungry.

You visited 3 branches of the dungeon, and saw 13 of its levels.
You also visited: Ossuary.

You collected 798 gold pieces.
You spent 216 gold pieces at shops.

Inventory:

Hand weapons
 a - a +2 dagger of protection
 b - a +0 blowgun
 n - a +1 falchion of venom (weapon)
 v - a cursed +2 dagger
Missiles
 c - 5 throwing nets (quivered)
 e - 70 poisoned needles
 i - a curare-tipped needle
Armour
 k - a +2 hat (worn)
Jewellery
 l - a ring of protection from magic (left tentacle)
 u - an uncursed amulet of resist corrosion
 y - a ring of flight (right tentacle)
 A - an uncursed ring of ice
 J - an amulet of rage (around mantle)
 N - a ring of wizardry (on tentacle)
Magical devices
 D - a wand of slowing (34)
 E - a wand of digging (5)
 I - a wand of disintegration (15)
Scrolls
 m - a scroll of noise
 o - 5 scrolls of remove curse
 q - a scroll of fog
 r - a scroll of magic mapping
 t - 3 scrolls of fear
 w - 3 scrolls of identify
 x - 4 scrolls of blinking
 F - a scroll of teleportation
 K - a scroll of silence {unknown}
Potions
 f - a potion of magic {unknown}
 B - 3 potions of flight
 C - 2 potions of haste
 G - 2 potions of agility
 H - a potion of curing
Comestibles
 d - a beef jerky
 g - 2 bread rations
 h - 4 chunks of flesh
 j - 4 royal jellies
 p - 4 meat rations
 s - 4 fruits
 z - 2 slices of pizza


   Skills:
 + Level 11.2 Fighting
 - Level 2.0(7.3) Short Blades
 + Level 11.0(11.1) Long Blades
 - Level 2.0 Throwing
 - Level 1.0 Dodging
 - Level 10.0 Stealth
 - Level 8.1 Evocations


You had 10 spell levels left.
You didn't know any spells.

Dungeon Overview and Level Annotations

Branches:
Dungeon (10/15)            Temple (1/1) D:7            Lair (2/8) D:9
    Orc (0/4) D:9

Altars:
Ashenzari
Cheibriados
Dithmenos
Elyvilon
Fedhas
Gozag
Kikubaaqudgha
Makhleb
Nemelex Xobeh
Qazlal
Ru
Sif Muna
Trog
Vehumet
Xom
Yredelemnul
Zin
The Shining One

Shops:
D:7 *   D:10 [%}(

Annotations:
D:3 inmateoo's ghost, average OpTm
Lair:2 Prince Ribbit


Innate Abilities, Weirdness & Mutations

You cannot wear most types of armour.
You are amphibious.
You can wear up to eight rings at the same time.
You can use your tentacles to constrict many enemies at once.
Your skin changes colour to match your surroundings (Stealth).
Your rubbery body absorbs attacks (AC +1).
Scrolls take you a little longer to read.
You are resistant to electric shocks.
Your muscles are very strong. (Str +4)
You evolve.


Message History

* * * LOW HITPOINT WARNING * * *
You feel sick.
* * * LOW HITPOINT WARNING * * *
You feel sick.
You see here an adder corpse.
Unknown command.
You are too berserk!
You feel a strong urge to attack something.
You hit the sheep.
The sheep is poisoned.
You grab the sheep. You squeeze the sheep!
The sheep is severely wounded.
You constrict the sheep.
* * * LOW HITPOINT WARNING * * *
You feel sick.
You slash the sheep!
You kill the sheep!
You are no longer berserk.
You are exhausted.
You feel yourself slow down.
You die...

##.#...#.## ###......#
###..(..## ##..#.### ####...##
#.....## .####'## ######.#.[..#
...#..# ##........#.## ##.#.##
#####..#....###.#
#.....#######.S......##.# #.#
[......)..YY..###.#####.# #.#
.......#########@.###...# #.#
........########.###..### #.#
.......>.......†........# #.#
..................##.######.#
#.....#............#.# #..#
.######............#.#####.####
.....##..).........#.##.......#
......##..........##(##.......#
.................###.##.......#


There were no monsters in sight!

Vanquished Creatures
  Nergalle (Lair:1)
  Erolcha (D:9)
  4 hill giants (D:10)
  The ghost of Anothat the Arsonist, an experienced HEFE (D:6)
  Joseph (D:9)
  A centaur skeleton (D:10)
  A merfolk (D:9)
  2 trolls (D:10)
  7 yaks
  3 deep elf magi
  A hungry ghost (D:10)
  A water moccasin (D:9)
  Edmund (D:7)
  2 sky beasts (D:6)
  2 black bears
  An orc warrior (D:6)
  An ice beast (D:10)
  8 ogres
  A phantom (D:6)
  4 centaurs
  A crocodile (D:9)
  A big kobold (D:9)
  6 giant frogs
  Blork the orc (D:9)
  5 scorpions
  A killer bee (D:9)
  2 jellies
  11 crimson imps
  A giant frog zombie (D:5)
  7 hounds
  3 goliath beetles
  2 electric eels (D:10)
  A human zombie (Ossuary)
  7 orc priests
  5 worker ants
  A giant frog skeleton (D:6)
  4 iguanas
  A sheep (D:9)
  11 orc wizards
  2 big kobold zombies (Ossuary)
  A hound zombie (Ossuary)
  4 mummies (Ossuary)
  A worker ant zombie (D:6)
  13 adders
  11 gnolls
  2 giant mites (D:1)
  3 worms
  3 shadow imps
  An adder zombie (Ossuary)
  4 giant geckos
  An ooze (D:4)
  20 orcs
  A ball python (D:2)
  13 bats
  4 giant cockroaches
  A gnoll zombie (Ossuary)
  10 goblins
  16 hobgoblins
  15 jackals
  17 kobolds
  A giant gecko skeleton (D:7)
  2 giant newts
  A goblin zombie (Ossuary)
  A hobgoblin zombie (Ossuary)
  A kobold zombie (Ossuary)
  2 orc zombies
  2 quokkas (Lair:1)
  A quokka skeleton (D:4)
  A quokka zombie (D:9)
  14 rats
  2 rat zombies (Ossuary)
  A spectral orc (D:4)
  2 ballistomycetes
289 creatures vanquished.

Vanquished Creatures (others)
  2 giant spores
  A rat (D:10)
3 creatures vanquished.

Grand Total: 292 creatures vanquished

Notes
Turn   | Place    | Note
--------------------------------------------------------------
     0 | D:1      | McCoppin, the Octopode Assassin, began the quest for the Orb.
     0 | D:1      | Reached XP level 1. HP: 14/14 MP: 1/1
     2 | D:1      | Noticed an electric eel
   391 | D:1      | Reached skill level 6 in Stealth
   391 | D:1      | Reached XP level 2. HP: 19/19 MP: 2/2
   752 | D:1      | Reached XP level 3. HP: 24/24 MP: 3/3
   960 | D:1      | Reached skill level 7 in Stealth
  1720 | D:2      | Found a burning altar of Makhleb.
  1747 | D:2      | Reached XP level 4. HP: 29/29 MP: 4/4
  1876 | D:2      | Reached skill level 8 in Stealth
  2278 | D:3      | Noticed inmateoo's ghost (average OpTm)
  2443 | D:4      | Reached XP level 5. HP: 34/34 MP: 5/5
  2478 | D:4      | Reached skill level 9 in Stealth
  2701 | D:4      | Reached skill level 10 in Stealth
  2701 | D:4      | Reached XP level 6. HP: 39/39 MP: 6/6
  2810 | D:4      | Reached skill level 1 in Long Blades
  2891 | D:4      | Found a basalt altar of Yredelemnul.
  2931 | D:4      | Noticed an ogre
  2977 | D:4      | Killed an ogre
  2977 | D:4      | Reached XP level 7. HP: 40/46 MP: 7/7
  3260 | D:4      | Found an opulent altar of Gozag.
  4161 | D:5      | Entered Level 5 of the Dungeon
  4321 | D:5      | Found a sand-covered staircase.
  4332 | Ossuary  | Entered an ossuary
  4767 | D:5      | Reached XP level 8. HP: 51/54 MP: 8/8
  4783 | D:5      | Reached skill level 5 in Fighting
  5606 | D:6      | Reached skill level 5 in Long Blades
  5718 | D:6      | Gained mutation: Your body is misshapen. [mutagenic meat]
  5719 | D:6      | Gained mutation: Your muscles are strong. (Str +2) [mutagenic meat]
  5720 | D:6      | Gained mutation: You evolve. [mutagenic meat]
  5817 | D:6      | Noticed Anothat's ghost (experienced HEFE)
  5866 | D:6      | Killed Anothat's ghost
  6016 | D:6      | Reached XP level 9. HP: 63/63 MP: 9/9
  6022 | D:6      | Gained mutation: You are resistant to electric shocks. [mutagenic meat]
  6023 | D:6      | Gained mutation: Scrolls take you a little longer to read. [mutagenic meat]
  6847 | D:7      | Noticed Edmund
  6853 | D:7      | Killed Edmund
  7009 | D:7      | Found a staircase to the Ecumenical Temple.
  7024 | Temple   | Entered the Ecumenical Temple
  7107 | D:7      | Found Dara's Assorted Antiques.
  7214 | D:7      | Found a sacrificial altar of Ru.
  7242 | D:7      | Bought a bone wand for 108 gold pieces
  7242 | D:7      | Bought a bronze wand for 108 gold pieces
  7823 | D:7      | Found Vostranu's General Store.
  8432 | D:8      | Found a glowing silver altar of Zin.
  8496 | D:8      | Reached XP level 10. HP: 74/74 MP: 10/10
  9008 | D:9      | Noticed Blork the orc
  9039 | D:9      | Killed Blork the orc
  9039 | D:9      | Reached skill level 1 in Evocations
  9174 | D:9      | Found a staircase to the Lair.
  9219 | Lair:1   | Entered Level 1 of the Lair of Beasts
  9271 | Lair:1   | Noticed Nergalle
  9277 | Lair:1   | Killed Nergalle
  9399 | Lair:2   | Noticed Prince Ribbit
  9615 | D:9      | Lost mutation: Your body is misshapen. [potion of mutation]
  9615 | D:9      | Gained mutation: Your muscles are very strong. (Str +4) [potion of mutation]
  9657 | D:9      | Reached skill level 5 in Evocations
 10018 | D:9      | Noticed Joseph
 10051 | D:9      | Killed Joseph
 10128 | D:9      | Found a staircase to the Orcish Mines.
 10274 | D:9      | Noticed Erolcha
 10300 | D:9      | Killed Erolcha
 10705 | D:10     | Entered Level 10 of the Dungeon
 10714 | D:10     | Noticed a hill giant
 10743 | D:10     | Killed a hill giant
 11126 | D:10     | Noticed a hill giant
 11130 | D:10     | Killed a hill giant
 11130 | D:10     | Reached skill level 10 in Fighting
 11130 | D:10     | Reached XP level 11. HP: 79/81 MP: 22/22
 11275 | D:10     | Found Esimiud's Armour Emporium.
 11280 | D:10     | Noticed a hill giant
 11469 | D:10     | Reached skill level 10 in Long Blades
 11641 | D:10     | Found Urgheteo's Gadget Shoppe.
 11831 | D:10     | Killed a hill giant
 12610 | D:10     | Found Plufu's Food Boutique.
 13086 | D:10     | Noticed a hill giant
 13108 | D:10     | Found Vyadoawn's Weapon Emporium.
 13130 | D:10     | Killed a hill giant
 13130 | D:10     | Reached skill level 11 in Fighting
 13898 | D:9      | HP: 4/124 [water moccasin (4)]
 13903 | D:9      | HP: 1/124 [poisoned by a water moccasin]
 13906 | D:9      | Succumbed to a water moccasin's poison

Action                   |  1- 3 |  4- 6 |  7- 9 | 10-12 || total
-------------------------+-------+-------+-------+-------++-------
Melee: Dagger            |    67 |    70 |   314 |   138 ||   589
       Falchion          |       |       |       |   161 ||   161
 Fire: Blowgun           |     3 |    22 |    73 |    89 ||   187
Throw: Throwing net      |       |       |       |     1 ||     1
 Abil: Evoke Berserk Rag |       |       |       |     2 ||     2
       Evoke Flight      |       |       |       |     1 ||     1
Evoke: Wand              |       |       |     1 |     1 ||     2
  Use: Scroll            |       |       |    19 |     2 ||    21
       Potion            |       |       |    11 |     5 ||    16
 Stab: Sleeping          |    10 |    16 |    40 |    15 ||    81
       Distracted        |       |       |     3 |     3 ||     6
       Invisible         |       |       |       |     3 ||     3
       Held in net/web   |       |       |       |     1 ||     1
  Eat: Chunk             |     2 |     3 |     7 |     6 ||    18
       Bread ration      |       |     1 |     3 |     3 ||     7
       Fruit             |       |       |     2 |       ||     2
       Beef jerky        |       |       |       |     1 ||     1
